 Dungeon Crawl Stone Soup version 0.21.1-1-g345015f (webtiles) character file.

14434 Hebeh the Cleaver (level 11, 0/104 HPs)
             Began as a Deep Dwarf Fighter on June 21, 2018.
             Was a Priest of Makhleb.
             Slain by a two-headed ogre
             ... wielding a +0 giant spiked club
              (9 damage)
             ... on level 2 of the Orcish Mines.
             The game lasted 00:40:21 (8987 turns).

Hebeh the Cleaver (Deep Dwarf Fighter)              Turns: 8987, Time: 00:40:22

Health: 0/104      AC: 19    Str: 22    XL:     11   Next: 88%
Magic:  1/1        EV:  6    Int: 10    God:    Makhleb [***...]
Gold:   603        SH: 13    Dex: 12    Spells: 10/10 levels left

rFire    . . .     SeeInvis .   a - +0 war axe (elec)
rCold    + . .     Gourm    .   c - +1 shield
rNeg     . . .     Faith    .   p - +0 plate armour
rPois    .         Spirit   .   w - +0 helmet
rElec    .         Reflect  .   (no cloak)
rCorr    +         Harm     .   G - +2 pair of gloves
MR       +....                  (no boots)
Stlth    ..........             (no amulet)
HPRegen  0.00/turn              g - ring of resist corrosion
MPRegen  0.07/turn              s - ring of protection from cold

@: non-regenerating
A: damage resistance, heal wounds, sense surroundings 2, no regeneration
a: Heal Wounds, Minor Destruction, Lesser Servant of Makhleb, Renounce Religion


You were on level 2 of the Orcish Mines.
You worshipped Makhleb.
Makhleb was most pleased with you.
You were hungry.

You visited 4 branches of the dungeon, and saw 15 of its levels.

You collected 798 gold pieces.
You spent 195 gold pieces at shops.

Inventory:

Hand Weapons
 a - a +0 war axe of electrocution (weapon)
 k - a +0 flail of protection
 K - a +0 dire flail of protection
Armour
 b - a +0 scale mail
 c - a +1 shield (worn)
 p - a +0 plate armour (worn)
 w - a +0 helmet (worn)
 G - a +2 pair of gloves (worn)
Jewellery
 g - a ring of resist corrosion (left hand)
 s - a ring of protection from cold (right hand)
 C - an uncursed ring of stealth
 H - an uncursed ring of see invisible
Wands
 o - a wand of iceblast (7)
 q - a wand of polymorph (34)
 r - a wand of paralysis (49)
 E - a wand of random effects (32)
 F - a wand of acid (6)
Scrolls
 i - a scroll of identify
 j - 7 scrolls of remove curse
 m - a scroll of fog
 n - a scroll of brand weapon
 v - 2 scrolls of fear
 y - 6 scrolls of teleportation
 A - a scroll of amnesia
 I - a scroll of enchant armour
Potions
 d - 3 potions of might
 e - a potion of haste
 h - 2 potions of heal wounds
 l - 7 potions of curing
 t - a potion of ambrosia
 u - a potion of cancellation
 x - a potion of mutation
 D - a potion of brilliance
Books
 B - a book of Misfortune

   Spells                             Type                      Level
   a - Confusing Touch                Hexes                        1
   b - Confuse                        Hexes                        3
   c - Gell's Gravitas                Translocation                3
   d - Petrify                        Transmutation/Earth          4
   e - Metabolic Englaciation         Hexes/Ice                    5
   f - Yara's Violent Unravelling     Hexes/Transmutation          5
Miscellaneous
 J - a lightning rod (3/4)
 M - a lightning rod (3/4)
Comestibles
 f - 22 rations
 z - 18 chunks of flesh


   Skills:
 + Level 8.5 Fighting
 * Level 13.2 Axes
 + Level 10.1 Armour
 + Level 10.1 Shields


You had 10 spell levels left.
You didn't know any spells.

Dungeon Overview and Level Annotations

Branches:
Dungeon (11/15)            Temple (1/1) D:7            Lair (1/6) D:11
    Orc (2/2) D:11
    Elf: Orc:2

Altars:
Ashenzari
Cheibriados
Dithmenos
Elyvilon
Fedhas
Gozag
Hepliaklqana
Kikubaaqudgha
Makhleb
Nemelex Xobeh
Okawaru
Qazlal
Ru
Sif Muna
Trog
Uskayaw
Vehumet
Wu Jian
Xom
Yredelemnul
Zin
The Shining One
Beogh

Shops:
D:4 =   D:8 *   Orc:2 %

Annotations:
D:7 exclusion: oklob plant


Innate Abilities, Weirdness & Mutations

You are resistant to damage.
You can heal yourself by infusing magical energy.
You passively map the area around you.
You do not regenerate.


Message History

The two-headed ogre hits you but does no damage.
You hit the two-headed ogre.
Lightning courses through the two-headed ogre!
The two-headed ogre is severely wounded.
You hit the troll. Lightning courses through the troll!
You hit the troll but do no damage. You slash the two-headed ogre!
You hit the two-headed ogre.
Lightning courses through the two-headed ogre!
You kill the two-headed ogre!
Makhleb accepts your kill.
You feel better.
Your lightning rod (3/4) has regained one charge.
Your plate armour prevents you from hitting the troll.
Your shield and plate armour prevent you from hitting the ogre.
The troll bites you!
* * * LOW HITPOINT WARNING * * *
The troll claws you but does no damage. x2; The troll barely misses you.
You block the troll's attack. x2
The two-headed ogre hits you with a giant spiked club!
You die...

***... .#...........
...##.....#...#.#
,.............$.# * * , *
#.............## # ,*
##......._.....# .# ,
...##.............# ...
.....##.#...).)....#.#..
............[..OT)...... ,
, ..#.........)..O@O......
.$.............T.T...... ,
,
.....#..##..............,,
........#.....#.........
*, ,
...#.....#...##.#......# *
,,
.................#....## ,
...T.............###...# ,
..T.#..#.#.#......# ...# ,
...#....####......#* .#. ,


You could see 2 two-headed ogres, 3 trolls and an ogre.

Vanquished Creatures
  2 two-headed ogres
  The ghost of HyperWeapon the Cleaver, a novice DsFi of Makhleb (D:9)
  The ghost of Thian the Spear-Bearer, a novice MfGl of Elyvilon (D:7)
  An unseen horror (D:11)
  A deep troll (Orc:1)
  The ghost of chorionicmirror the Carver, a novice DsAK of Lugonu (D:5)
  Pikel (D:5)
  An ugly thing (D:11)
  2 centaur zombies (D:10)
  Psyche (D:11)
  An efreet (D:11)
  4 trolls
  A hippogriff (D:8)
  Sigmund (D:3)
  A spriggan (D:10)
  6 yaks
  A wyvern (D:11)
  2 wraiths
  A basilisk (D:11)
  A steam dragon (D:8)
  A soldier ant (D:11)
  3 wargs
  A water moccasin (D:5)
  An acid dragon (D:11)
  2 sky beasts
  4 ice beasts
  6 orc warriors
  2 phantoms
  3 black bears
  An eye of draining (D:8)
  5 ogres
  6 centaurs
  A big kobold (D:11)
  6 bullfrogs
  2 scorpions
  5 killer bees (D:10)
  6 howler monkeys
  5 crimson imps
  5 hounds
  A jelly (D:5)
  A bullfrog zombie (D:6)
  2 bullfrog skeletons
  2 centaur skeletons
  10 orc priests
  11 orc wizards
  3 iguanas
  5 worker ants
  A killer bee zombie (D:6)
  2 hound skeletons (D:8)
  A howler monkey zombie (D:8)
  A worker ant zombie (D:9)
  7 gnolls
  18 adders
  A shadow imp (D:11)
  An ooze (D:3)
  3 adder skeletons
  5 worms
  2 dart slugs
  8 leopard geckos
  61 orcs
  A ball python (D:3)
  5 bats
  6 giant cockroaches
  11 goblins
  3 hobgoblins
  16 jackals
  A quokka (D:7)
  7 frilled lizards
  7 kobolds
  2 leopard gecko skeletons (D:4)
  A quokka skeleton (D:9)
  A quokka zombie (D:6)
  5 rats
308 creatures vanquished.

Vanquished Creatures (others)
  3 slaves (D:5)
  A crimson imp (D:5)
  A jelly (D:5)
  A worker ant (D:5)
  A hound skeleton (D:5)
  A quokka (D:5)
  24 toadstools
32 creatures vanquished.

Grand Total: 340 creatures vanquished

Notes
Turn   | Place    | Note
-------+----------+-------------------------------------------
     0 | D:1      | Hebeh the Deep Dwarf Fighter began the quest for the Orb.
     0 | D:1      | Reached XP level 1. HP: 20/20 MP: 1/1
   225 | D:1      | Reached XP level 2. HP: 27/27 MP: 2/2
   855 | D:2      | Reached skill level 3 in Axes
   855 | D:2      | Reached XP level 3. HP: 28/34 MP: 3/3
  1137 | D:2      | Reached XP level 4. HP: 28/42 MP: 4/4
  1787 | D:3      | Reached XP level 5. HP: 26/49 MP: 5/5
  1799 | D:3      | Reached skill level 4 in Axes
  1867 | D:3      | Noticed an ice beast
  1904 | D:3      | Killed an ice beast
  1943 | D:3      | Reached XP level 6. HP: 57/57 MP: 5/5
  1990 | D:3      | Noticed Sigmund
  2013 | D:3      | Killed Sigmund
  2013 | D:3      | Reached skill level 5 in Axes
  2523 | D:4      | Reached XP level 7. HP: 48/64 MP: 6/6
  2569 | D:4      | Reached skill level 5 in Armour
  2569 | D:4      | Reached skill level 5 in Shields
  2647 | D:4      | Found Quoz's Jewellery Shop.
  3284 | D:5      | Entered Level 5 of the Dungeon
  3292 | D:5      | Reached skill level 6 in Axes
  3318 | D:5      | Noticed Pikel
  3367 | D:5      | Killed Pikel
  3367 | D:5      | Reached skill level 7 in Axes
  3367 | D:5      | Reached XP level 8. HP: 36/73 MP: 5/5
  3442 | D:5      | Reached skill level 5 in Fighting
  3514 | D:5      | Noticed chorionicmirror's ghost (novice DsAK)
  3593 | D:5      | Killed chorionicmirror's ghost
  3593 | D:5      | Reached skill level 8 in Axes
  3756 | D:5      | Found an iron altar of Okawaru.
  3867 | D:5      | Gained mutation: You passively map the area around you. [Deep Dwarf growth]
  3867 | D:5      | Reached XP level 9. HP: 47/81 MP: 6/6
  4170 | D:6      | Reached skill level 9 in Axes
  4807 | D:7      | Noticed Thian's ghost (novice MfGl)
  4870 | D:7      | Killed Thian's ghost
  4984 | D:7      | Reached skill level 10 in Axes
  5008 | D:7      | Found a staircase to the Ecumenical Temple.
  5034 | Temple   | Entered the Ecumenical Temple
  5195 | Temple   | Became a worshipper of Makhleb the Destroyer
  5390 | D:7      | Found a blossoming altar of Fedhas.
  5419 | D:7      | Noticed an oklob plant
  5844 | D:8      | Reached XP level 10. HP: 66/92 MP: 4/4
  5978 | D:8      | Reached * piety under Makhleb
  5979 | D:8      | Found a roughly hewn altar of Beogh.
  6357 | D:8      | Found an opulent altar of Gozag.
  6433 | D:8      | Found an iron altar of Okawaru.
  6438 | D:8      | Found a glowing silver altar of Zin.
  6438 | D:8      | Found a radiant altar of Vehumet.
  6440 | D:8      | Found a basalt altar of Yredelemnul.
  6511 | D:8      | Found Kiupeeleu's General Store.
  6515 | D:8      | Bought a scroll of identify for 30 gold pieces
  6515 | D:8      | Bought a scroll of identify for 30 gold pieces
  6515 | D:8      | Bought a scroll of teleportation for 45 gold pieces
  6515 | D:8      | Bought 2 scrolls of teleportation for 90 gold pieces
  6876 | D:9      | Found a shadowy altar of Dithmenos.
  6880 | D:9      | Noticed HyperWeapon's ghost (novice DsFi)
  6891 | D:9      | Killed HyperWeapon's ghost
  6891 | D:9      | Reached skill level 11 in Axes
  7323 | D:10     | Entered Level 10 of the Dungeon
  7350 | D:10     | Reached ** piety under Makhleb
  7594 | D:10     | Reached XP level 11. HP: 59/100 MP: 3/3
  7869 | D:11     | Found a staircase to the Orcish Mines.
  7882 | D:11     | Noticed Psyche
  7890 | D:11     | Killed Psyche
  7949 | D:11     | Noticed a red ugly thing
  7962 | D:11     | Killed a red ugly thing
  7962 | D:11     | Reached skill level 12 in Axes
  8239 | D:11     | Noticed a two-headed ogre
  8286 | D:11     | Reached *** piety under Makhleb
  8368 | D:11     | Found a staircase to the Lair.
  8382 | D:11     | Killed an unseen horror
  8444 | Lair:1   | Entered Level 1 of the Lair of Beasts
  8770 | Orc:1    | Entered Level 1 of the Orcish Mines
  8898 | Orc:2    | Entered Level 2 of the Orcish Mines
  8898 | Orc:2    | Found a shimmering altar of Xom.
  8944 | Orc:2    | Found Diroagg's Food Shop.
  8944 | Orc:2    | Noticed a deep troll
  8945 | Orc:2    | Noticed a two-headed ogre
  8946 | Orc:2    | Noticed a two-headed ogre
  8946 | Orc:2    | Noticed a two-headed ogre
  8947 | Orc:2    | Noticed a two-headed ogre
  8977 | Orc:1    | Killed a two-headed ogre
  8980 | Orc:1    | Killed a deep troll
  8980 | Orc:1    | Reached skill level 13 in Axes
  8980 | Orc:1    | Reached skill level 10 in Armour
  8980 | Orc:1    | Reached skill level 10 in Shields
  8986 | Orc:2    | HP: 2/104 [two-headed ogre/giant spiked club (16)]
  8987 | Orc:2    | Killed a two-headed ogre
  8987 | Orc:2    | Slain by a two-headed ogre

Skill      XL: |  1  2  3  4  5  6  7  8  9 10 11 |
---------------+----------------------------------+-----
Fighting       | 3 4 5 6 7 8 |  8.5
Axes           | 3 4 5 7 8 10 11 13 | 13.2
Armour         | 4 5 6 7 9 10 | 10.1
Shields        | 4 5 6 7 9 10 | 10.1

Action                   |  1- 3 |  4- 6 |  7- 9 | 10-12 || total
-------------------------+-------+-------+-------+-------++-------
Melee: War axe           |    75 |   207 |   112 |   457 ||   851
       Flail             |       |       |   410 |       ||   410
 Abil: Heal Wounds       |       |     4 |    16 |    13 ||    33
Evoke: Wand              |       |       |     1 |     1 ||     2
       Lightning rod     |       |       |       |     4 ||     4
  Use: Scroll            |       |     8 |     1 |    15 ||    24
 Stab: Paralysed         |       |       |       |     2 ||     2
  Eat: Chunk             |     1 |     5 |    12 |    10 ||    28
Armor: Scale mail        |    41 |   106 |   323 |    64 ||   534
       Plate armour      |       |       |       |   219 ||   219
Dodge: Dodged            |    27 |    61 |   200 |   121 ||   409
Block: Shield            |    40 |   110 |   351 |   329 ||   830
